[Event "Titled Tuesday Blitz April 19 Early 2022"]
[White "Cherniaiev, Tykhon"]
[Black "Rangel, Daniel"]
[WhiteFideId "14182360"]
[BlackFideId "2124475"]
[WhiteElo "2289"]
[BlackElo "2225"]
[Result "1-0"]
[Round "01"]
[TimeControl "180+1"]
[Date "2022.04.19"]
[WhiteClock "0:00:09"]
[BlackClock "0:00:07"]

1. Nf3 Nf6 2. c4 e6 3. b3 d5 4. Bb2 c6 5. g3 Be7 6. Bg2 O-O 7. O-O b6 8. d3 Bb7 9. Nbd2 Nbd7 10. Qc2 Rc8 11. e4 dxe4 12. Nxe4 Nxe4 13. dxe4 Nc5 14. Rad1 Qe8 15. e5 b5 16. Nd4 bxc4 17. bxc4 Nd7 18. Rfe1 Nb6 19. Be4 h6 20. Rd3 Ba6 21. Red1 Bxc4 22. Rf3 Bd5 23. h4 Nc4 24. Ba1 Na3 25. Qe2 Bxe4 26. Qxe4 Nb5 27. Nxb5 cxb5 28. Qb7 Bc5 29. Rb3 Bb6 30. Qa6 Rc2 31. Bd4 Bxd4 32. Rxd4 Rc1+ 33. Kg2 Qa8+ 34. Rf3 Rc3 35. Rf4 Rxf3 36. Rxf3 Qd5 37. Qxa7 f6 38. Qe7 f5 39. Qd6 Qxa2 40. Qc5 Qd5 41. Qxd5 exd5 42. e6 b4 43. e7 Rb8 44. Rxf5 b3 45. Rxd5 b2 46. Rd8+ Kf7 47. Rxb8 Kxe7 48. Rxb2 1-0


[Site "https://www.chess.com"]

[Event "Titled Tuesday Blitz April 19 Early 2022"]
[White "Chernobay, Artem"]
[Black "Fernandez Siles, Luis"]
[WhiteFideId "4167406"]
[BlackFideId "2209420"]
[WhiteElo "2473"]
[BlackElo "2212"]
[Result "1-0"]
[Round "01"]
[TimeControl "180+1"]
[Date "2022.04.19"]
[WhiteClock "0:00:06"]
[BlackClock "0:00:09"]

1. e4 c5 2. Nf3 Nc6 3. d4 cxd4 4. Nxd4 Nf6 5. Nc3 e5 6. Ndb5 d6 7. Bg5 a6 8. Bxf6 gxf6 9. Na3 b5 10. Nd5 f5 11. c3 Bg7 12. exf5 Bxf5 13. Nc2 Be6 14. Nce3 Ne7 15. g3 Nxd5 16. Nxd5 O-O 17. Bg2 Rb8 18. O-O f5 19. Qd2 a5 20. a3 Kh8 21. f4 e4 22. Kh1 Bxd5 23. Qxd5 Qb6 24. Rad1 b4 25. axb4 axb4 26. g4 bxc3 27. bxc3 e3 28. Qf3 fxg4 29. Qxg4 Bxc3 30. Be4 Rbe8 31. Qf3 Rg8 32. Rg1 Rxg1+ 33. Rxg1 Rg8 34. Rxg8+ Kxg8 35. Qg4+ Bg7 36. Qc8+ Kf7 37. Bd5+ Kg6 38. Qg4+ Kf6 39. Qe6# 1-0


[Site "https://www.chess.com"]

[Event "Titled Tuesday Blitz April 19 Early 2022"]
[White "Chernyavsky, Alexander"]
[Black "Krsnik Cohar, Ivan Vihor"]
[WhiteFideId "24131156"]
[BlackFideId "14520044"]
[WhiteElo "2292"]
[BlackElo "2414"]
[Result "1-0"]
[Round "01"]
[TimeControl "180+1"]
[Date "2022.04.19"]
[WhiteClock "0:01:13"]
[BlackClock "0:02:05"]

1. d4 d5 2. c4 Bf5 3. cxd5 Bxb1 4. Qa4+ c6 5. dxc6 Nxc6 6. Rxb1 e5 7. Nf3 e4 8. Ne5 Bb4+ 9. Bd2 Qxd4 10. Bxb4 Qxe5 11. Bc3 Qg5 12. h4 Qg6 13. h5 Qg4 14. h6 f6 15. hxg7 Qxg7 16. Qxe4+ Nge7 17. Qe6 Rf8 18. e4 Rd8 19. Be2 Qxg2 20. Bh5+ 1-0


[Site "https://www.chess.com"]

[Event "Titled Tuesday Blitz April 19 Early 2022"]
[White "Chigaev, Maksim"]
[Black "Di Nicolantonio, Lucas"]
[WhiteFideId "4108116"]
[BlackFideId "680460"]
[WhiteElo "2478"]
[BlackElo "2381"]
[Result "0-1"]
[Round "01"]
[TimeControl "180+1"]
[Date "2022.04.19"]
[WhiteClock "0:00:13"]
[BlackClock "0:00:05"]

1. e4 e5 2. Nf3 Nf6 3. d4 Nxe4 4. dxe5 Bb4+ 5. Nbd2 O-O 6. c3 Nxd2 7. Bxd2 Be7 8. Bd3 d6 9. O-O Nc6 10. Re1 dxe5 11. Qc2 h6 12. Nxe5 Nxe5 13. Rxe5 Bd6 14. Ree1 Qh4 15. g3 Qh3 16. Be4 Rb8 17. Rad1 Bg4 18. Rc1 Rfe8 19. Bg2 Qh5 20. Be3 Bf3 21. Bxa7 Bxg2 22. Kxg2 Ra8 23. Bd4 Qd5+ 24. Kg1 Qxa2 25. c4 Bb4 26. Rxe8+ Rxe8 27. Be3 Qa5 28. Rd1 Bc5 29. Qf5 Bb4 30. Qxa5 Bxa5 31. Rd7 Rc8 32. Bc5 Bb6 33. Bxb6 cxb6 34. b3 b5 35. cxb5 Rc3 36. Rxb7 Rxb3 37. h4 h5 38. Kf1 Rb2 39. Ke1 g6 40. b6 Kg7 41. Rb8 Kf6 42. Kd1 Rxf2 43. Rc8 Rb2 44. Rc6+ Kf5 45. Kc1 Rb4 46. Kc2 Kg4 47. Kc3 Rb1 48. Rc4+ Kxg3 49. Rb4 Rc1+ 50. Kd4 Rc8 51. Ke5 g5 52. hxg5 h4 53. b7 Rb8 54. Kd6 h3 55. Kc7 Rg8 56. b8=Q Rxb8 57. Kxb8 h2 58. Kc7 h1=Q 59. Kd7 Qd5+ 60. Ke8 Qe6+ 61. Kf8 Qd6+ 62. Kg8 Qxb4 0-1


[Site "https://www.chess.com"]

[Event "Titled Tuesday Blitz April 19 Early 2022"]
[White "Constantinou, Peter"]
[Black "Sanal, Vahap"]
[WhiteFideId "413038"]
[BlackFideId "6300545"]
[WhiteElo "2230"]
[BlackElo "2603"]
[Result "0-1"]
[Round "01"]
[TimeControl "180+1"]
[Date "2022.04.19"]
[WhiteClock "0:00:11"]
[BlackClock "0:00:47"]

1. b3 d5 2. Bb2 Bf5 3. d3 e6 4. Nd2 h6 5. e4 Bh7 6. g3 c6 7. Bg2 Nf6 8. Nh3 Bb4 9. O-O Bxd2 10. Qxd2 dxe4 11. Bxf6 Qxf6 12. dxe4 Nd7 13. f4 Qe7 14. Nf2 O-O 15. Rad1 Rfd8 16. Qe3 a5 17. a4 Qc5 18. Qe2 Nf6 19. g4 g5 20. f5 e5 21. Bf3 Kg7 22. Kg2 Ne8 23. Nd3 Qc3 24. Qd2 Qxd2+ 25. Rxd2 f6 26. Rfd1 b6 27. Be2 Kf8 28. h4 Bg8 29. Nb2 Rxd2 30. Rxd2 Ke7 31. Bc4 Nd6 32. Bxg8 Rxg8 33. Kf3 gxh4 34. Rh2 h5 35. gxh5 Rg3+ 36. Ke2 h3 37. h6 Kf7 38. Nc4 Nxe4 39. Kf1 Rf3+ 40. Ke1 b5 41. axb5 cxb5 42. Nxa5 Kg8 43. c4 bxc4 44. bxc4 Ra3 45. Nc6 Ra1+ 46. Ke2 Ra2+ 47. Ke3 Rxh2 48. Kxe4 Ra2 49. Ne7+ Kh7 0-1


[Site "https://www.chess.com"]

[Event "Titled Tuesday Blitz April 19 Early 2022"]
[White "Costachi, Mihnea"]
[Black "Mikhalsky, Vladimir"]
[WhiteFideId "1217518"]
[BlackFideId "14144352"]
[WhiteElo "2476"]
[BlackElo "2301"]
[Result "1-0"]
[Round "01"]
[TimeControl "180+1"]
[Date "2022.04.19"]
[WhiteClock "0:01:02"]
[BlackClock "0:00:01"]

1. e4 g6 2. d4 Bg7 3. Nf3 d6 4. Nc3 Nd7 5. Be2 a6 6. O-O b5 7. a3 Bb7 8. Re1 c5 9. Be3 Ngf6 10. e5 Ng4 11. Ng5 Nxe3 12. fxe3 dxe5 13. d5 h6 14. Nf3 O-O 15. e4 Qc7 16. Bf1 Nf6 17. Kh1 h5 18. Qd2 Ng4 19. h3 Bh6 20. Qe2 Nf6 21. Rad1 Rad8 22. g3 c4 23. Bg2 Nd7 24. Rf1 Nc5 25. Qf2 Rc8 26. Nh4 Bg5 27. Nf3 Bf6 28. g4 hxg4 29. hxg4 g5 30. Nh2 Kg7 31. d6 Qd8 32. dxe7 Qxe7 33. Nd5 Bxd5 34. Rxd5 Ne6 35. Rd7 Qxd7 36. Qxf6+ Kg8 37. Nf3 Ng7 38. Nxg5 Qxg4 39. Bh3 Qh4 40. Rg1 Rcd8 41. Rg4 Rd1+ 42. Kh2 Rd2+ 43. Kh1 Qe1+ 44. Rg1 Qe2 45. Nf3 Qxf3+ 46. Qxf3 f5 47. Bxf5 Rf6 48. Qg3 Rh6+ 49. Bh3 Rh7 50. Rg2 1-0


[Site "https://www.chess.com"]

[Event "Titled Tuesday Blitz April 19 Early 2022"]
[White "Csonka, Balazs"]
[Black "Lopez, Henry"]
[WhiteFideId "742910"]
[BlackFideId "5203830"]
[WhiteElo "2404"]
[BlackElo "2177"]
[Result "1-0"]
[Round "01"]
[TimeControl "180+1"]
[Date "2022.04.19"]
[WhiteClock "0:00:14"]
[BlackClock "0:00:13"]

1. e4 c5 2. Nf3 d6 3. Bb5+ Nc6 4. O-O Bd7 5. Re1 a6 6. Bf1 Nf6 7. c3 e5 8. d4 Qc7 9. d5 Nb8 10. a4 Bg4 11. a5 Nbd7 12. Nbd2 g6 13. h3 Bxf3 14. Qxf3 Bg7 15. Nc4 O-O 16. g3 h5 17. Bg5 Rae8 18. Ra3 Nh7 19. Bd2 f5 20. exf5 Rxf5 21. Qg2 Ref8 22. Be3 R5f6 23. Bd3 R8f7 24. Rb3 Ndf8 25. Ra1 g5 26. Nd2 Qe7 27. Ra4 Ng6 28. Ne4 Rf5 29. Rb6 Nf4 30. Bxf4 exf4 31. Nxd6 f3 32. Qf1 1-0


[Site "https://www.chess.com"]

[Event "Titled Tuesday Blitz April 19 Early 2022"]
[White "Czerw, Dawid"]
[Black "Kamsky, Gata"]
[WhiteFideId "1145746"]
[BlackFideId "2000024"]
[WhiteElo "2125"]
[BlackElo "2645"]
[Result "0-1"]
[Round "01"]
[TimeControl "180+1"]
[Date "2022.04.19"]
[WhiteClock "0:00:01"]
[BlackClock "0:00:15"]

1. d4 Nf6 2. c4 e6 3. g3 d5 4. Bg2 Bb4+ 5. Bd2 Be7 6. Nf3 O-O 7. O-O Nbd7 8. Qc2 c6 9. b4 Ne4 10. Rc1 Nxd2 11. Qxd2 dxc4 12. Rxc4 a5 13. bxa5 Qxa5 14. Qxa5 Rxa5 15. Nbd2 e5 16. e3 exd4 17. exd4 Nb6 18. Rc2 Nd5 19. Rb2 Rd8 20. Nc4 Ra4 21. Ne3 Nxe3 22. fxe3 g6 23. Kf2 f5 24. Rd1 Kg7 25. Rdb1 Bf6 26. Rc2 Re8 27. Rb3 Kh6 28. Ne1 Re7 29. h4 Be6 30. Rbb2 Bc4 31. Nf3 Kg7 32. Nd2 Bf7 33. Nb3 Ra3 34. Re2 Bc4 35. Rec2 Bb5 36. Rd2 h6 37. Rdc2 g5 38. hxg5 hxg5 39. Rd2 Kg6 40. Bh3 Bg7 41. Rdc2 Rf7 42. Rc5 Bd3 43. Rd2 Be4 44. Rc3 Bd5 45. Rc1 Re7 46. Rb2 g4 47. Rc3 gxh3 0-1


[Site "https://www.chess.com"]

[Event "Titled Tuesday Blitz April 19 Early 2022"]
[White "D`Arruda, Ricardo D."]
[Black "Kozak, Antoni"]
[WhiteFideId "100692"]
[BlackFideId "21832030"]
[WhiteElo "2313"]
[BlackElo "2236"]
[Result "1/2-1/2"]
[Round "01"]
[TimeControl "180+1"]
[Date "2022.04.19"]
[WhiteClock "0:00:44"]
[BlackClock "0:00:04"]

1. Nf3 d5 2. d4 c6 3. c4 Nf6 4. e3 e6 5. Nc3 Nbd7 6. Bd3 dxc4 7. Bxc4 b5 8. Bb3 b4 9. Na4 Ba6 10. Qc2 Rc8 11. Bc4 Qa5 12. b3 c5 13. Bxa6 Qxa6 14. dxc5 Bxc5 15. Qe2 Qxe2+ 16. Kxe2 Bd6 17. Bd2 Ke7 18. Rhc1 e5 19. Rxc8 Rxc8 20. Rc1 Rxc1 21. Bxc1 Ne4 22. Bb2 Ke6 23. Nd2 Nxd2 24. Kxd2 Kd5 25. f3 f5 26. h3 g6 27. Ba1 e4 28. Nb2 Be5 29. Kc2 Nc5 30. Kb1 Bxb2 31. Bxb2 Nd3 32. f4 Ne1 33. g3 Ng2 34. Bc1 Ne1 35. Bd2 Nd3 36. Kc2 a5 37. Bc1 Kc5 38. Bd2 Kb5 39. Bc1 a4 40. Bd2 Nc5 41. g4 Nd7 42. Be1 Nf6 43. g5 Nd5 44. Bd2 Nc7 45. Kb2 Ne6 46. Kc2 Nc5 47. Be1 Nd3 48. Bd2 Nf2 49. h4 Ng4 50. Kd1 Nh2 51. Be1 Nf1 52. Bf2 Nh2 53. Bg3 Ng4 54. Ke2 h6 55. Be1 h5 56. Bg3 Ka5 57. Kd2 Kb5 58. Ke2 a3 59. Kd2 Kc5 60. Ke2 Kb5 61. Kd2 Kc5 62. Ke2 Kb5 1/2-1/2


[Site "https://www.chess.com"]

[Event "Titled Tuesday Blitz April 19 Early 2022"]
[White "De Arruda, Leandro Formes"]
[Black "Grunberg, Mihai-Lucian"]
[WhiteFideId "22722009"]
[BlackFideId "1204149"]
[WhiteElo "1852"]
[BlackElo "2364"]
[Result "0-1"]
[Round "01"]
[TimeControl "180+1"]
[Date "2022.04.19"]
[WhiteClock "0:00:09"]
[BlackClock "0:00:12"]

1. d4 b6 2. Nf3 Bb7 3. e3 Nf6 4. Nbd2 e6 5. Bd3 c5 6. O-O Nc6 7. c3 Be7 8. Re1 O-O 9. b3 Rc8 10. Bb2 Qc7 11. Rc1 Qb8 12. Qe2 Nd5 13. Bc4 cxd4 14. exd4 Nf4 15. Qe3 d5 16. Bf1 Ng6 17. Bd3 Bd6 18. Qg5 Bf4 19. Qh5 Nce7 20. Rcd1 Rfe8 21. Ng5 Bxg5 22. Qxg5 Qf4 23. Qh5 Rc7 24. Nf3 h6 25. Re3 Nc8 26. Rde1 Nd6 27. Bxg6 fxg6 28. Qxg6 Qf7 29. Rxe6 Qxg6 30. Rxg6 Ne4 31. Rg4 Bc8 32. Rh4 Kh7 33. Ng5+ Kg6 34. Nxe4 Rce7 35. f3 Bb7 36. Rg4+ Kh7 37. Bc1 dxe4 38. fxe4 Bxe4 39. Bf4 g5 40. Be5 Bf5 41. Rg3 Rc8 42. Rf3 Bg4 43. Rg3 Bf5 44. c4 Kg6 45. Rf3 Rd8 46. Ref1 Be6 47. Bf6 Rde8 48. Bxe7 Rxe7 49. Rf6+ Kg7 50. R6f3 Bg4 51. Rg3 Bh5 52. h4 g4 53. Rc3 Re2 54. Rf2 Re1+ 55. Kh2 Bg6 56. Kg3 h5 57. Kf4 Re4+ 58. Kg5 Rxd4 59. Rf6 Bf7 60. Re3 Rd7 61. Re5 Rd2 62. g3 Rd7 63. Ref5 Be8 64. Rf8 Bg6 65. Rf4 Rc7 66. Rd8 Rc5+ 67. Rd5 Rc6 68. Rfd4 Bf7 69. Rd6 Rc5+ 70. Kf4 Bg6 71. Rd7+ Kh6 72. R7d6 Rf5+ 73. Ke4 Rf3+ 74. Ke5 Rxg3 75. Rf6 Re3+ 76. Kd6 g3 77. Kc7 g2 78. Rdd6 Rg3 79. Rd1 g1=Q 80. Rxg1 Rxg1 81. Kd6 Kg7 82. Re6 Rg4 83. Re7+ Kf6 84. Re6+ Kf5 85. Re5+ Kf4 86. Re6 Bf5 87. Rf6 Rxh4 88. b4 Kg5 89. Rf8 Rxc4 90. Ke5 Bg4 91. Rg8+ Kh4 92. b5 Rc5+ 93. Kf4 Rxb5 94. Rd8 Rb4+ 95. Ke3 Kg3 96. Rd2 h4 97. a3 Rb3+ 98. Ke4 Rxa3 0-1


[Site "https://www.chess.com"]

[Event "Titled Tuesday Blitz April 19 Early 2022"]
[White "Demin, Vladimir"]
[Black "Zhu, Jiner"]
[WhiteFideId "4167457"]
[BlackFideId "8608059"]
[WhiteElo "2401"]
[BlackElo "2281"]
[Result "0-1"]
[Round "01"]
[TimeControl "180+1"]
[Date "2022.04.19"]
[WhiteClock "0:00:04"]
[BlackClock "0:00:08"]

1. e4 c5 2. Nf3 d6 3. d4 cxd4 4. Qxd4 Nc6 5. Bb5 Bd7 6. Bxc6 Bxc6 7. Nc3 Nf6 8. Bg5 e6 9. O-O-O Be7 10. Qd3 Qa5 11. Kb1 O-O 12. Bc1 Rfc8 13. Nd4 Bd7 14. g4 Rxc3 15. bxc3 d5 16. Nb3 Qc7 17. f3 dxe4 18. fxe4 Bc6 19. Rde1 Qe5 20. Qd4 Qxd4 21. Nxd4 Nxg4 22. Rhg1 Ne5 23. Kb2 Be8 24. Kb3 Rc8 25. Bg5 f6 26. Bf4 Ng6 27. Be3 Bf7 28. Kb2 Ne5 29. Nb3 Nc4+ 30. Kb1 Nxe3 31. Rxe3 e5 32. Rd1 Be6 33. Kb2 Kf7 34. Red3 b6 35. a4 g5 36. a5 h5 37. axb6 axb6 38. Ra1 g4 39. Ra6 Bc4 40. Rxb6 Bxd3 41. cxd3 h4 42. Ra6 g3 43. hxg3 hxg3 44. Ra1 Rg8 45. Rg1 Ke6 46. Nd2 f5 47. exf5+ Kxf5 48. Rg2 Kg4 49. Ne4 Kf3 50. Rxg3+ Rxg3 51. Nxg3 Kxg3 52. d4 e4 53. c4 e3 54. Kc2 e2 0-1


[Site "https://www.chess.com"]

[Event "Titled Tuesday Blitz April 19 Early 2022"]
[White "Derjabin, Ilja"]
[Black "Baker, Chris W"]
[WhiteFideId "14104768"]
[BlackFideId "401676"]
[WhiteElo "2341"]
[BlackElo "2191"]
[Result "1-0"]
[Round "01"]
[TimeControl "180+1"]
[Date "2022.04.19"]
[WhiteClock "0:01:18"]
[BlackClock "0:00:18"]

1. d4 e6 2. c4 f5 3. Nc3 Nf6 4. Nf3 Be7 5. g3 O-O 6. Bg2 d6 7. O-O Nc6 8. d5 Nb4 9. dxe6 c6 10. a3 Na6 11. Ng5 h6 12. Nf7 Qc7 13. Nxh6+ gxh6 14. Bxh6 Bxe6 15. e4 Rf7 16. Re1 Ng4 17. exf5 Bxf5 18. Bf4 Ne5 19. Ne4 Rd8 20. c5 dxc5 21. Qh5 Rd5 22. Ng5 Bxg5 23. Bxd5 cxd5 24. Qxg5+ 1-0


[Site "https://www.chess.com"]

[Event "Titled Tuesday Blitz April 19 Early 2022"]
[White "Derraugh, Geordie"]
[Black "Visakh N R"]
[WhiteFideId "2603950"]
[BlackFideId "25012223"]
[WhiteElo "2116"]
[BlackElo "2448"]
[Result "1/2-1/2"]
[Round "01"]
[TimeControl "180+1"]
[Date "2022.04.19"]
[WhiteClock "0:00:23"]
[BlackClock "0:01:04"]

1. e4 c5 2. Nf3 d6 3. Bb5+ Nc6 4. Bxc6+ bxc6 5. O-O e5 6. c3 Nf6 7. d4 exd4 8. cxd4 Nxe4 9. Re1 d5 10. Ng5 Be7 11. Nxe4 dxe4 12. Rxe4 O-O 13. Nc3 Bf5 14. Rf4 Bg6 15. dxc5 Bxc5 16. Qxd8 Raxd8 17. Rc4 Bb6 18. Rxc6 Rfe8 19. Bf4 Rd7 20. Rd6 Rxd6 21. Bxd6 Bc2 22. Rc1 f6 23. h3 Bg6 24. Rd1 Bf7 25. g4 Rd8 26. a3 Bb3 27. Rd2 Ba5 28. Bf4 Rxd2 29. Bxd2 Bxc3 30. bxc3 Kf7 31. Kg2 Ke6 32. Kf3 Kd5 33. Ke3 a5 34. h4 Bc4 35. f4 g6 36. Be1 f5 37. gxf5 gxf5 38. h5 a4 39. Bh4 Bb3 40. Bf6 Bd1 41. h6 Kc4 42. Kd2 Bh5 43. Bg7 Kb3 44. Bf8 Kc4 45. Bg7 1/2-1/2


[Site "https://www.chess.com"]

[Event "Titled Tuesday Blitz April 19 Early 2022"]
[White "Dev, Shah"]
[Black "Sarkar, Justin"]
[WhiteFideId "35019058"]
[BlackFideId "2010011"]
[WhiteElo "2075"]
[BlackElo "2038"]
[Result "1-0"]
[Round "01"]
[TimeControl "180+1"]
[Date "2022.04.19"]
[WhiteClock "0:01:03"]
[BlackClock "0:00:18"]

1. d4 Nf6 2. c4 e6 3. g3 d5 4. Bg2 dxc4 5. Nf3 Bd7 6. O-O Bc6 7. a4 a6 8. Nc3 Bb4 9. Qc2 O-O 10. Na2 a5 11. Nxb4 axb4 12. Qxc4 Rxa4 13. Rxa4 Bxa4 14. Qxb4 Bc6 15. Rd1 Nbd7 16. b3 Nb6 17. Ba3 Re8 18. Qc5 Bd5 19. Qc2 Be4 20. Qb2 Nbd5 21. Ne5 Bxg2 22. Kxg2 Nd7 23. Qc2 c6 24. e4 Nc7 25. Bc1 Nxe5 26. dxe5 Qe7 27. Be3 Nb5 28. Bc5 Qc7 29. Bd6 Qb6 30. b4 Ra8 31. Bc5 Qc7 32. Qd3 h6 33. Qd7 1-0


[Site "https://www.chess.com"]

[Event "Titled Tuesday Blitz April 19 Early 2022"]
[White "Wagner, Dinara"]
[Black "Dreev, Aleksey"]
[WhiteFideId "24157570"]
[BlackFideId "4100107"]
[WhiteElo "2216"]
[BlackElo "2625"]
[Result "0-1"]
[Round "01"]
[TimeControl "180+1"]
[Date "2022.04.19"]
[WhiteClock "0:00:03"]
[BlackClock "0:01:47"]

1. d4 d5 2. c4 c6 3. Nf3 Nf6 4. g3 Bf5 5. Nc3 e6 6. Nh4 Be4 7. f3 Bg6 8. Qb3 Qb6 9. c5 Qxb3 10. axb3 Na6 11. Bf4 Bc2 12. e3 Nb4 13. Kd2 Bxb3 14. Ra3 Bc4 15. Bxc4 dxc4 16. Ra4 Nbd5 17. Rxc4 Be7 18. Ng2 O-O 19. Ra1 Rfd8 20. Ke2 h6 21. g4 Nd7 22. Rca4 a6 23. Nxd5 exd5 24. Rb4 Ra7 25. Rb3 Re8 26. Kf2 Nf8 27. Ra4 Ne6 28. Bg3 Rc8 29. Rab4 Nd8 30. Rb6 a5 31. Ne1 a4 32. Ra3 Ne6 33. Nd3 Rca8 34. Kg2 f6 35. Kf2 Kf7 36. h4 Ke8 37. Nc1 Kd7 38. Ne2 Nxc5 39. Rc3 Ne6 40. Nf4 Bd8 41. Rb4 Nxf4 42. Bxf4 Ba5 43. Rxa4 Bxc3 44. Rxa7 Rxa7 45. bxc3 Ra2+ 46. Kg3 Rc2 0-1


[Site "https://www.chess.com"]

[Event "Titled Tuesday Blitz April 19 Early 2022"]
[White "Dorokhin, Mykhailo"]
[Black "De Silva, L M S T"]
[WhiteFideId "14114178"]
[BlackFideId "9953698"]
[WhiteElo "2280"]
[BlackElo "1631"]
[Result "0-1"]
[Round "01"]
[TimeControl "180+1"]
[Date "2022.04.19"]
[WhiteClock "0:00:07"]
[BlackClock "0:00:17"]

1. d4 Nf6 2. Nf3 e6 3. Bf4 d5 4. e3 Bd6 5. c3 Bxf4 6. exf4 O-O 7. Bd3 Qd6 8. g3 b6 9. O-O Ba6 10. Bxa6 Nxa6 11. Qd3 Nb8 12. Nbd2 c5 13. a3 Nc6 14. b4 Rfc8 15. Rfc1 a5 16. dxc5 bxc5 17. b5 Ne7 18. a4 Qc7 19. h4 Ng6 20. Re1 Rd8 21. Kg2 Qxf4 22. Qxg6 Qxf3+ 23. Kxf3 hxg6 24. Nb3 Nd7 25. g4 Nb6 26. Nxc5 Rac8 27. Nb7 Rxc3+ 28. Re3 Rxe3+ 29. fxe3 Ra8 30. e4 d4 31. e5 Nd7 32. Ke4 Ra7 33. Nd8 Nc5+ 34. Kf4 d3 35. Ke3 Rd7 36. Nc6 Nxa4 37. Nxa5 Nc3 38. Nc4 Nxb5 39. Rd1 Rc7 40. Kxd3 Rd7+ 41. Kc2 Nd4+ 42. Kb2 Rb7+ 43. Kc3 Nf3 44. Ra1 Nxh4 45. Ra8+ Kh7 46. Kd4 Rd7+ 47. Ke4 g5 48. Ne3 Kg6 49. Rh8 f5+ 50. exf6 gxf6 51. Rg8+ Kf7 52. Rh8 Kg7 53. Re8 Rd6 54. Nc4 Ra6 55. Kd4 Kf7 56. Rh8 Ra4 57. Rh7+ Kg6 58. Rb7 f5 59. Rb6 Kf6 60. gxf5 Nxf5+ 61. Kd3 g4 62. Nd2 g3 63. Ne4+ Ke5 64. Rxe6+ Kxe6 65. Nc5+ Ke5 66. Nxa4 g2 67. Nc3 g1=Q 0-1


[Site "https://www.chess.com"]

[Event "Titled Tuesday Blitz April 19 Early 2022"]
[White "Dwilewicz, Katarzyna"]
[Black "Suder, Jakub"]
[WhiteFideId "1148486"]
[BlackFideId "1195310"]
[WhiteElo "1907"]
[BlackElo "2058"]
[Result "0-1"]
[Round "01"]
[TimeControl "180+1"]
[Date "2022.04.19"]
[WhiteClock "0:00:01"]
[BlackClock "0:00:56"]

1. e4 c5 2. Nf3 e6 3. d4 cxd4 4. Nxd4 Nc6 5. Nc3 Nf6 6. Be2 Bb4 7. O-O O-O 8. Be3 Bxc3 9. bxc3 Nxe4 10. Qd3 d5 11. c4 Ne5 12. Qb3 dxc4 13. Bxc4 Nd2 14. Bxd2 Qxd4 15. Bc3 Qxc4 16. Bxe5 Qc6 17. Rad1 f6 18. Rd6 Qe4 19. Bg3 Kh8 20. Rfd1 e5 21. f3 Qg6 22. Rd8 Bf5 23. Rxa8 Rxa8 24. Qxb7 Re8 25. Qxa7 Bxc2 26. Rc1 h5 27. Qc5 Bf5 28. a4 Rc8 29. Qe3 Rxc1+ 30. Qxc1 Qe8 31. a5 Qb5 32. Qa1 Bc8 33. Bf2 Bb7 34. Bb6 h4 35. Qc3 h3 36. g3 Qe2 37. Qe3 Qd1+ 38. Kf2 Qh1 39. Ke2 Qxh2+ 40. Kd3 Ba6+ 41. Kc3 Qa2 42. Qg1 h2 43. Qh1 Kg8 44. g4 Bb7 45. Bc7 Qe2 46. f4 Bxh1 0-1


[Site "https://www.chess.com"]

[Event "Titled Tuesday Blitz April 19 Early 2022"]
[White "Fedoseev, Vladimir"]
[Black "Vetokhin, Ilia"]
[WhiteFideId "24130737"]
[BlackFideId "24156078"]
[WhiteElo "2726"]
[BlackElo "1897"]
[Result "1-0"]
[Round "01"]
[TimeControl "180+1"]
[Date "2022.04.19"]
[WhiteClock "0:00:36"]
[BlackClock "0:00:12"]

1. e4 c5 2. Nf3 Nc6 3. d4 cxd4 4. Nxd4 Nf6 5. Nc3 d6 6. Bg5 e6 7. Bb5 Bd7 8. Qd3 a6 9. Bxc6 bxc6 10. O-O-O Be7 11. f4 c5 12. Nf3 Bc6 13. Rhe1 O-O 14. Bxf6 Bxf6 15. Qxd6 Qxd6 16. Rxd6 Rac8 17. Ne5 Bxe5 18. fxe5 Rfe8 19. Kd2 Kf8 20. Ke3 Ke7 21. Red1 Rc7 22. b3 Ra8 23. g4 h6 24. h4 Rb8 25. R6d2 Ra8 26. Nd5+ Bxd5 27. exd5 exd5 28. Rxd5 a5 29. Kd3 a4 30. Kc4 axb3 31. axb3 Rb8 32. c3 Rbb7 33. Rb1 Ke6 34. Re1 Rb6 35. Rd2 Rcb7 36. Rb2 Rc7 37. h5 Rbc6 38. Rf2 Rb6 39. Rf5 Rcb7 40. Rb1 Rc7 41. Rd1 Rcb7 42. Rd6+ Rxd6 43. exd6 Kxd6 44. Rd5+ Ke6 45. Rxc5 g6 46. b4 Ra7 47. Rc6+ Ke5 48. hxg6 fxg6 49. Rxg6 Rc7+ 50. Kb3 Kf4 51. Rxh6 Kxg4 52. Rd6 Kf4 53. b5 Ke5 54. Rd1 Rb7 55. c4 Ke6 56. Kb4 Ra7 57. b6 Ra2 58. Kc5 Ra5+ 59. Kc6 Ra4 60. c5 Rh4 61. b7 Rh8 62. Kb6 Ke7 63. c6 Rg8 64. c7 Rg2 65. c8=Q Rb2+ 66. Ka7 Ra2+ 67. Kb8 1-0


[Site "https://www.chess.com"]

[Event "Titled Tuesday Blitz April 19 Early 2022"]
[White "Fernandez Hernandez, Gerardo"]
[Black "Postnikov, Daniil"]
[WhiteFideId "2207400"]
[BlackFideId "4166329"]
[WhiteElo "2097"]
[BlackElo "2261"]
[Result "0-1"]
[Round "01"]
[TimeControl "180+1"]
[Date "2022.04.19"]
[WhiteClock "0:00:05"]
[BlackClock "0:01:10"]

1. e4 e6 2. d3 c5 3. g3 g6 4. Bg2 Bg7 5. f4 Ne7 6. Nf3 d6 7. O-O O-O 8. c3 b5 9. Be3 b4 10. d4 Nd7 11. Nbd2 Bb7 12. Nc4 Bxe4 13. Nxd6 Nf5 14. Nxf5 gxf5 15. Ne5 Bxg2 16. Kxg2 bxc3 17. bxc3 Nxe5 18. dxe5 Qa5 19. c4 Rfd8 20. Qe2 Rab8 21. Rfd1 Bf8 22. Kh3 Be7 23. Rxd8+ Rxd8 24. Rd1 Rxd1 25. Qxd1 Qb4 26. Qd7 Bf8 27. Qd8 h6 28. Qd3 Qe1 29. Qb3 Qf1+ 30. Kh4 Be7+ 31. Kh5 Qh3# 0-1


[Site "https://www.chess.com"]

[Event "Titled Tuesday Blitz April 19 Early 2022"]
[White "Fonseca Manrique, Enrique"]
[Black "Cagara, Paulina"]
[WhiteFideId "5114330"]
[BlackFideId "1124870"]
[WhiteElo "2569"]
[BlackElo "1780"]
[Result "1/2-1/2"]
[Round "01"]
[TimeControl "180+1"]
[Date "2022.04.19"]
[WhiteClock "0:00:17"]
[BlackClock "0:00:02"]

1. e4 c6 2. d4 d5 3. e5 c5 4. dxc5 e6 5. a3 Bxc5 6. b4 Bf8 7. Nf3 Ne7 8. Bd3 Ng6 9. O-O Nc6 10. Qe2 a6 11. Rd1 Be7 12. c4 dxc4 13. Bxc4 Qc7 14. Bb2 O-O 15. Nbd2 b5 16. Bd3 Nf4 17. Qe4 Nxd3 18. Qxd3 Rd8 19. Qe3 Bb7 20. Rac1 Rac8 21. Nb3 Rxd1+ 22. Rxd1 Rd8 23. Rc1 h6 24. Na5 Qd7 25. Nxb7 Qxb7 26. Qe4 Rd5 27. h3 Qd7 28. Qc2 Nd8 29. Bd4 Rxd4 30. Nxd4 Qxd4 31. Rd1 Qxe5 32. Qc8 Kh7 33. Qxa6 Qe2 34. Rf1 Bf6 35. a4 Bc3 36. axb5 Bxb4 37. Qb6 Qd2 38. Qc7 Qd6 39. Qc2+ f5 40. Rd1 Qb6 41. Qc4 Bc5 42. Rd2 Nb7 43. Re2 e5 44. g4 Qg6 45. Kh2 fxg4 46. hxg4 Bd4 47. Kg3 Nd6 48. Qb3 Ne4+ 49. Kf3 Ng5+ 50. Kg3 h5 51. Qc2 hxg4 52. Qxg6+ Kxg6 53. Kxg4 Ne6 54. Rc2 Kf7 55. Rc6 Nd8 56. Rc7+ Kf6 57. f3 g6 58. Rc6+ Ke7 59. Ra6 Kd7 60. Rxg6 Ne6 61. Kf5 Nc5 62. b6 Kc8 63. Rg7 Kb8 64. Kg4 Nd3 65. Rg6 Kb7 66. Kf5 Bxb6 67. Ke4 Nf2+ 68. Kxe5 Nd3+ 69. Ke4 Nc5+ 70. Kd5 Nd3 71. Rg7+ Ka6 72. Rf7 Kb5 73. Ke4 Nc5+ 74. Kd5 Nd3 75. Rb7 Ka6 76. Rh7 Kb5 77. Rh6 Nf4+ 78. Ke4 Ne2 79. Rh2 Nc3+ 80. Kd3 Nd5 81. Rb2+ Kc6 82. Ke4 Nc3+ 83. Kf5 Nd5 84. Ke5 Ne3 85. f4 Nc4+ 86. Ke6 Nxb2 87. f5 Bd4 88. f6 Bxf6 89. Kxf6 1/2-1/2


[Site "https://www.chess.com"]

[Event "Titled Tuesday Blitz April 19 Early 2022"]
[White "Friedel, Tom"]
[Black "Dang, Hoang Son"]
[WhiteFideId "2002108"]
[BlackFideId "12402435"]
[WhiteElo "2317"]
[BlackElo "2252"]
[Result "0-1"]
[Round "01"]
[TimeControl "180+1"]
[Date "2022.04.19"]
[WhiteClock "0:00:06"]
[BlackClock "0:00:17"]

1. e4 e5 2. Nf3 Nc6 3. Bc4 Nf6 4. d3 Bc5 5. c3 d6 6. b4 Bb6 7. a4 a6 8. O-O h6 9. a5 Ba7 10. Be3 Bxe3 11. fxe3 O-O 12. Nbd2 d5 13. exd5 Nxd5 14. Bxd5 Qxd5 15. d4 exd4 16. exd4 Bg4 17. Qb3 Qd7 18. d5 Bxf3 19. Nxf3 Ne7 20. c4 c6 21. dxc6 Nxc6 22. Rad1 Qe7 23. c5 Rad8 24. Rde1 Qd7 25. Qc4 Qd5 26. Qe4 Qxe4 27. Rxe4 Rd5 28. Nh4 g6 29. Nf3 Kg7 30. g4 Rfd8 31. Kg2 R8d7 32. Kg3 Rd3 33. Rf2 Rb3 34. Kg2 Rxb4 35. Rxb4 Nxb4 36. Rb2 Nd3 37. Rb6 Nxc5 38. Ne5 Rd2+ 39. Kf3 Rxh2 40. Nc4 Rh3+ 41. Kf4 h5 42. Nd6 Rh4 43. Nxb7 Rxg4+ 44. Kf3 Nxb7 45. Rxb7 Rg5 0-1


[Site "https://www.chess.com"]